 Dungeon Crawl Stone Soup version 0.31.0 (webtiles) character file.

Game seed: 11559123684806975926

169 HakonGodeson the Twirler (level 5, 0/39 HPs)
             Began as a Human Gladiator on Jan 20, 2024.
             Slain by a scorpion (3 damage)
             ... on level 4 of the Dungeon.
             The game lasted 00:04:41 (909 turns).

HakonGodeson the Twirler (Human Gladiator)           Turns: 909, Time: 00:04:41

Health: 0/39       AC:  6    Str: 14    XL:     5   Next: 50%
Magic:  5/5        EV: 12    Int: 10    God:
Gold:   73         SH:  0    Dex: 15    Spells: 4/4 levels left

rFire   . . .        l - +2 long sword (vamp)
rCold   . . .        (no shield)
rNeg    . . .        g - +0 ring mail
rPois   .            c - +0 helmet
rElec   .            (no cloak)
rCorr   .            (no gloves)
SInv    .            (no boots)
Will    +....        (no amulet)
Stlth   +            (no ring)
HPRegen 0.26/turn    (no ring)
MPRegen 0.09/turn

%: no passive effects
@: lethally poisoned (0 -> -3), on berserk cooldown, enlightened, flying
(expiring), slowed, very slow
A: explore regen
a: no special abilities


You were on level 4 of the Dungeon.
You visited 1 branch of the dungeon, and saw 4 of its levels.

You collected 73 gold pieces.

Inventory:

Hand Weapons
 a - a +0 heavy quarterstaff
 l - a +2 vampiric long sword (weapon)
Missiles
 d - 3 throwing nets
 e - a javelin
 j - 4 poisoned darts (quivered)
Armour
 c - a +0 helmet (worn)
 g - a +0 ring mail (worn)
Scrolls
 h - a scroll of brand weapon
Potions
 b - a potion of haste


   Skills:
 * Level 2.3 Fighting
 * Level 0.5 Long Blades
 * Level 4.1 Staves
 + Level 2.2 Throwing
 * Level 1.6 Armour
 * Level 3.8 Dodging
 * Level 1.8 Stealth


You had 4 spell levels left.
You didn't know any spells.
Your spell library was empty.

Dungeon Overview and Level Annotations

Branches:
Dungeon (4/15)
 Temple: D:4-7

Altars:
Elyvilon

Shops:
D:3 (

Annotations:
D:4 2 transporters, chicagocrazy's ghost, amateur DsBr


Innate Abilities, Weirdness & Mutations

You regain HP and MP as you explore.


Message History

The scorpion closely misses you. The scorpion barely misses you.
You slash the scorpion!
You feel better.
The scorpion is heavily wounded.
You feel very sick. The scorpion barely misses you.
The scorpion stings you but does no damage.
The scorpion stings you.
You hit the scorpion.
You feel better.
The scorpion is almost dead.
You feel sick. The scorpion stings you. x2
You barely miss the scorpion.
The scorpion is almost dead.
You feel sick.
You are no longer poisoned.
The scorpion closely misses you. The scorpion stings you.
You barely miss the scorpion.
The scorpion is severely wounded.
You are starting to lose your buoyancy.
The scorpion stings you. x2
* * * LOW HITPOINT WARNING * * *
The scorpion stings you.
* * * LOW HITPOINT WARNING * * *
You closely miss the scorpion.
The scorpion is severely wounded.
The scorpion stings you.
* * * LOW HITPOINT WARNING * * *
You are lethally poisoned!
The scorpion poisons you!
The scorpion stings you but does no damage.
The scorpion stings you.
* * * LOW HITPOINT WARNING * * *
Unknown command.
Okay, then.
Okay, then.
You hit the scorpion.
You feel better.
The scorpion is almost dead.
* * * LOW HITPOINT WARNING * * *
You feel very sick. The scorpion stings you.
You die...

.. .# ##.# #..
#.# ##.####♣♣
##.......♣♣
#........!♣♣
#.)..≈~≈.@s♣
#)..≈≈~≈≈.....≈≈~
#...~~♣~~.....~~_
##..≈≈~≈≈.....≈≈~
#...≈~≈...♣...≈~
##.......♣♣♣....
##.....♣♣ ♣...
#####♣♣ ♣♣.


You could see a scorpion.

Vanquished Creatures
  A phantom (D:4)
  An orc priest (D:3)
  Jessica (D:2)
  7 orcs
  3 ball pythons
  2 bats (D:1)
  An endoplasm (D:3)
  2 goblins
  2 hobgoblins
  2 quokkas (D:1)
  5 kobolds
  4 rats
31 creatures vanquished.

Notes
Turn   | Place    | Note
-------+----------+-------------------------------------------
     0 | D:1      | HakonGodeson the Human Gladiator began the quest for the
                  | Orb.
     0 | D:1      | Reached XP level 1. HP: 16/16 MP: 1/1
   103 | D:1      | Found a faded altar of an unknown god.
   143 | D:1      | Reached XP level 2. HP: 19/22 MP: 2/2
   508 | D:2      | Noticed Jessica
   535 | D:2      | Reached skill level 1 in Stealth
   577 | D:2      | Killed Jessica
   578 | D:2      | Reached XP level 3. HP: 23/27 MP: 3/3
   663 | D:3      | Reached XP level 4. HP: 33/33 MP: 4/4
   705 | D:3      | Found Roittil's Antique Weapon Emporium.
   812 | D:4      | Found a transporter.
   816 | D:4      | Noticed chicagocrazy's ghost (amateur DsBr)
   820 | D:4      | Found a transporter.
   873 | D:4      | Noticed a phantom
   890 | D:4      | Killed a phantom
   891 | D:4      | Reached skill level 4 in Staves
   891 | D:4      | Reached skill level 1 in Armour
   891 | D:4      | Reached XP level 5. HP: 32/39 MP: 5/5
   901 | D:4      | Found a white marble altar of Elyvilon.
   909 | D:4      | Slain by a scorpion

Illustrated notes

Levels and vault maps discovered:
D:1:      ldierk_walled_garden, layout_basic, serial_shops, shop,
          chequers_ecumenical_altar_grove
D:2:      layout_basic, kennysheep_generic_room_14, uniq_terence, uniq_jessica
D:3:      layout_rooms, slow_altar_2, serial_shops, nicolae_shop_dealshenge,
          uniq_crazy_yiuf_cottage, uniq_sigmund
D:4:      kennysheep_kobold_camp, layout_basic, elyvilon_altar_3,
          minmay_temple_entry_stoned_glass, gammafunk_ghost_mausoleum,
          kennysheep_crisscross, uniq_pargi

Skill      XL: |  1  2  3  4 |
---------------+-------------+-----
Stealth        | 1 |  1.8
Staves         | 4 |  4.1
Armour         | 1 |  1.6
Fighting       | |  2.3
Long Blades    | |  0.5
Throwing       | |  2.2
Dodging        | |  3.8

Action                     |  1- 3 |  4- 6 || total
---------------------------+-------+-------++-------
  Melee: Quarterstaff      |    49 |    13 ||    62
         Long sword        |       |    31 ||    31
  Throw: Dart              |     5 |       ||     5
         Javelin           |     2 |       ||     2
    Use: Scroll            |     3 |     3 ||     6
         Potion            |     2 |     2 ||     4
   Stab: Fleeing           |     1 |       ||     1
 Armour: Leather armour    |    15 |       ||    15
         Ring mail         |    18 |    46 ||    64
  Dodge: Dodged            |    37 |    39 ||    76
